 Dungeon Crawl Stone Soup version 0.30-a0-365-ge7f957f1db (webtiles) character file.

Game seed: 9534801723589278950

111191 Jackthecabe the Lord of Darkness (level 16, -7/146 HPs)
             Began as a Demonspawn Necromancer on Nov 17, 2022.
             Was the Champion of Kikubaaqudgha.
             Mangled by a sea snake (14 damage)
             ... on level 3 of the Snake Pit.
             The game lasted 01:55:43 (34217 turns).

Jackthecabe the Lord of Darkness (DsNe)            Turns: 34217, Time: 01:55:44

Health: -7/146     AC: 15    Str: 10    XL:     16   Next: 8%
Magic:  3/29       EV: 16    Int: 25    God:    Kikubaaqudgha [******]
Gold:   848        SH:  0    Dex: 15    Spells: 3/33 levels left

rFire   + + +      SeeInvis .    C - +0 whip (pain)
rCold   + + .      Faith    .    (no shield)
rNeg    + . .      Spirit   .    P - +2 robe of Fortification {rF+ Str+2}
rPois   +          Reflect  .    g - +1 hat
rElec   .          Harm     .    M - +2 ratskin cloak {*Rats rPois rN+ Str-1 Int-1 Dex+1}
rCorr   +          Rampage  .    Q - +2 pair of gloves of the Amoeba {Drain rF+ rC++ rCorr}
Will    +....                    (boots unavailable)
Stlth   +.........               (no amulet)
HPRegen 0.44/turn                f - ring "Qihoneol" {Wiz rF+ Int+2}
MPRegen 0.21/turn                Y - +4 ring of slaying

@: invisible, very slow
A: hooves 3, icy blue scales 2, robust 2, spiny 3
a: Renounce Religion, Unearth Wretches, Torment, Brand Weapon With Pain, Receive
Forbidden Knowledge


You were on level 3 of the Snake Pit.
You worshipped Kikubaaqudgha.
Kikubaaqudgha was exalted by your worship.
You visited 5 branches of the dungeon, and saw 26 of its levels.
You also visited: Sewer and Bailey.

You collected 2474 gold pieces.
You spent 1626 gold pieces at shops.


Innate Abilities, Weirdness & Mutations

You have hooves in place of feet.
You are mostly covered in icy blue scales. (AC +3)
You are very robust. (+20% HP)
You are completely covered in sharp spines.


   Skills:
 - Level 10.0 Fighting
 + Level 9.6 Staves
 - Level 8.0 Armour
 - Level 8.0 Dodging
 - Level 1.7 Stealth
 - Level 9.0 Spellcasting
 - Level 14.0 Necromancy
 + Level 12.7 Ice Magic
 - Level 6.0 Earth Magic
 - Level 8.0 Poison Magic
 - Level 3.0 Evocations


You had 3 spell levels left.
You knew the following spells:

 Your Spells              Type           Power      Damage    Failure   Level
a - Animate Dead          Necr           69%        N/A       1%          4
b - Borgnjor's Vile Clut  Necr/Erth      28%        N/A       1%          5
c - Ozocubu's Refrigerat  Ice            32%        4d14      11%         7
o - Olgreb's Toxic Radia  Pois           50%        N/A       1%          4
s - Simulacrum            Ice/Necr       33%        N/A       1%          6
v - Vampiric Draining     Necr           69%        2d10      1%          3
X - Necrotise             Necr           100%       1d9       0%          1

Your spell library contained the following spells:

 Spells                   Type           Power      Damage    Failure   Level
 Sting                    Tmut/Pois      100%       1d8       1%          1
 Cigotuvi's Dreadful Rot  Necr/Pois/Air  94%        N/A       1%          2
 Ensorcelled Hibernation  Hex/Ice        86%        N/A       1%          2
 Poisonous Vapours        Pois/Air       62%        N/A       1%          2
 Ozocubu's Armour         Ice            65%        N/A       1%          3
 Foxfire                  Conj/Fire      44%        2x1d6     2%          1
 Slow                     Hex            44%        N/A       2%          1
 Summon Small Mammal      Summ           44%        N/A       2%          1
 Mephitic Cloud           Conj/Pois/Air  24%        N/A       2%          3
 Scorch                   Fire           22%        2d6       3%          2
 Call Canine Familiar     Summ           11%        N/A       6%          3
 Dazzling Flash           Conj/Hex       22%        N/A       6%          3
 Inner Flame              Hex/Fire       11%        N/A       6%          3
 Portal Projectile        Hex/Tloc       22%        N/A       6%          3
 Summon Guardian Golem    Hex/Summ       11%        N/A       6%          3
 Tukima's Dance           Hex            11%        N/A       6%          3
 Vhi's Electric Charge    Tloc/Air       22%        N/A       6%          3
 Anguish                  Hex/Necr       23%        N/A       1%          4
 Dispel Undead            Necr           69%        3d23      1%          4
 Agony                    Necr           69%        N/A       1%          5
 Death Channel            Necr           34%        N/A       1%          6
 Cause Fear               Hex            5%         N/A       21%         4
 Flame Wave               Conj/Fire      11%        2d6       21%         4
 Iskenderun's Mystic Bla  Conj/Tloc      11%        2d4       21%         4
 Arcjolt                  Conj/Air       5%         1d15      50%         5
 Blade Hands              Tmut           5%         N/A       50%         5
 Fireball                 Conj/Fire      5%         3d5       50%         5
 Yara's Violent Unravell  Hex/Tmut       5%         3d4       50%         5
 Starburst                Conj/Fire      5%         6d4       96%         6
 Summon Cactus Giant      Summ           5%         N/A       96%         6
 Enfeeble                 Hex            5%         N/A       100%        7
 Maxwell's Capacitive Co  Air            5%         ∞         100%        8

Inventory:

Hand Weapons
 j - a +0 lajatang
 C - a +0 whip of pain (weapon)
Armour
 g - a +1 hat (worn)
 M - the +2 ratskin cloak (worn) {*Rats rPois rN+ Str-1 Int-1 Dex+1}
   (You found it on level 11 of the Dungeon)

   When the wearer is hurt, rats may emerge from it to assist them.
   Str:       It affects your strength (-1).
   Int:       It affects your intelligence (-1).
   Dex:       It affects your dexterity (+1).
   rPois:     It protects you from poison.
   rN:        It protects you from negative energy.
 P - the +2 robe of Fortification (worn) {rF+ Str+2}
   (You bought it in a shop on level 3 of the Dungeon)

   Str:       It affects your strength (+2).
   rF:        It protects you from fire.
 Q - the +2 pair of gloves of the Amoeba (worn) {Drain rF+ rC++ rCorr}
   (You acquired it on level 5 of the Lair of Beasts)

   rF:        It protects you from fire.
   rC:        It greatly protects you from cold.
   rCorr:     It protects you from acid and corrosion.
   Drain:     It drains your maximum health when unequipped.
Magical Staves
 h - a staff of conjuration {!a}
Jewellery
 f - the ring "Qihoneol" (left hand) {Wiz rF+ Int+2}
   (You bought it in a shop on level 8 of the Dungeon)

   [ring of wizardry]

   It improves your spell success rate.
   Int:       It affects your intelligence (+2).
   rF:        It protects you from fire.
 D - a +6 ring of dexterity
 F - a ring of protection from fire
 G - an amulet of guardian spirit
 L - a ring of flight
 R - a ring of resist corrosion
 S - a +6 ring of strength
 V - the ring of the Monkey's Uncle {Ice rPois Int+3 Dex-4}
   (You took it off a necromancer on level 5 of the Lair of Beasts)

   [ring of ice]

   It enhances your ice magic.
   Int:       It affects your intelligence (+3).
   Dex:       It affects your dexterity (-4).
   rF:        It makes you vulnerable to fire.
   rC:        It protects you from cold.
   rPois:     It protects you from poison.
 Y - a +4 ring of slaying (right hand)
Wands
 k - a wand of roots (31)
 y - a wand of charming (16)
 H - a wand of mindburst (4)
 N - a wand of quicksilver (17)
 O - a wand of flame (71)
 W - a wand of polymorph (10)
 X - a wand of digging (1)
Scrolls
 c - 3 scrolls of brand weapon
 d - 2 scrolls of silence {!r}
 i - 10 scrolls of poison
 m - 3 scrolls of immolation
 p - 2 scrolls of amnesia
 q - 7 scrolls of enchant weapon
 r - 4 scrolls of fear
 s - 5 scrolls of enchant armour
 t - 3 scrolls of magic mapping
 u - 5 scrolls of teleportation {@r2}
 x - 7 scrolls of identify {@r1}
 B - 2 scrolls of vulnerability
 I - 4 scrolls of butterflies
Potions
 a - 3 potions of might
 b - 2 potions of magic
 e - 5 potions of mutation
 l - 3 potions of lignification
 n - 2 potions of resistance
 o - 5 potions of attraction
 w - 8 potions of flight
 z - 12 potions of ambrosia
 A - 6 potions of curing {@q1}
 E - a potion of berserk rage {!q}
 K - 2 potions of invisibility
 U - 8 potions of brilliance
Miscellaneous
 J - a lightning rod (4/4)
 T - a phial of floods

Dungeon Overview and Level Annotations

Branches:
Dungeon (15/15)            Temple (1/1) D:4            Lair (5/5) D:11
 Shoals (0/4) Lair:2        Snake (2/4) Lair:3        Slime (0/5) Lair:5
    Orc (2/2) D:9          Vaults (0/5) D:14         Depths (0/4) D:15
  Sewer (visited)          Bailey (visited)
    Elf: Orc:2

Altars:
Ashenzari
Cheibriados
Dithmenos
Fedhas
Gozag
Hepliaklqana
Kikubaaqudgha
Makhleb
Nemelex Xobeh
Okawaru
Qazlal
Ru
Sif Muna
Trog
Uskayaw
Vehumet
Wu Jian
Xom
Yredelemnul
Jiyva

Shops:
D:3 ?[[([   D:8 [=*?   D:12 (   Orc:1 *(*   Orc:2 [   Snake:2 ([

Annotations:
D:2 Sigmund
D:14 Rupert
Lair:1 3 runed translucent doors, iguanaiguana's ghost, journeyman SpHs
Lair:5 exclusions: obsidian statue and orange crystal statue
Orc:1 Harold
Orc:2 Saint Roka

.. .. .. .#
###. ## .##....
♣ ♣♣P♣ .#..##.
~♣~♣~~~♣~~~....
~~~~~~~@P♣~~..#
≈≈~~~~~SP~~♣♣~#
≈≈≈≈≈≈≈~P~~~~P♣
≈≈≈≈≈≈≈~~~P~~P♣
≈≈≈≈≈≈≈~~~P~~~P
≈≈≈≈≈≈≈≈P~~~P♣~
≈≈≈≈≈≈≈~~~~~~~P
≈≈≈≈≈≈≈≈P~~♣P~♣
≈≈≈≈≈≈~~~~~~~~~


You could see a sea snake.


Message History

* * * LOW HITPOINT WARNING * * *
Unknown command.
Okay, then.
Okay, then.
Press: ? - help, v - describe, . - travel
Here: a sea snake Some shallow water.
You fade into invisibility!
You feel sick.
You are no longer poisoned.
The sea snake is struck by your spines. The sea snake misses you.
The sea snake is struck by your spines. The sea snake completely misses you.
The sea snake closely misses you. The sea snake is struck by your spines.
The sea snake bites you!
* * * LOW HITPOINT WARNING * * *
Unknown command.
You feel better. The sea snake is struck by your spines.
The sea snake barely misses you. The sea snake misses you.
The sea snake is struck by your spines. The sea snake bites you!
* * * LOW HITPOINT WARNING * * *
The sea snake is struck by your spines. The sea snake bites you.
* * * LOW HITPOINT WARNING * * *
As you read the scroll of fear, it crumbles to dust.
You assume a fearsome visage.
The sea snake looks frightened! x4
Unknown command.
A sea snake comes into view.
The sea snake is struck by your spines. The sea snake completely misses you.
The sea snake is struck by your spines. The sea snake bites you!
You die...
Kikubaaqudgha rasps: "You have failed me!
Welcome... death!"

Skill      XL: |  1  2  3  4  5  6  7  8  9 10 11 12 13 14 15 |
---------------+----------------------------------------------+-----
Necromancy     | 5 6 7 9 11 13 14 | 14.0
Evocations     | 1 2 3 |  3.0
Poison Magic   | 1 4 7 8 |  8.0
Spellcasting   | 4 5 7 8 9 |  9.0
Fighting       | 4 8 10 | 10.0
Armour         | 4 5 8 |  8.0
Earth Magic    | 4 5 6 |  6.0
Ice Magic      | 6 10 11 12 | 12.7
Dodging        | 5 8 |  8.0
Staves         | 2 9 |  9.6
Stealth        | |  1.7

Action                   |  1- 3 |  4- 6 |  7- 9 | 10-12 | 13-15 | 16-18 || total
-------------------------+-------+-------+-------+-------+-------+-------++-------
Melee: Unarmed           |     8 |       |       |       |       |       ||     8
       Staff             |       |     2 |    57 |       |       |       ||    59
       Kick              |       |     1 |    23 |       |   217 |     5 ||   246
       Punch             |       |       |     2 |     1 |     8 |       ||    11
       Whip              |       |       |    36 |   144 |   487 |    17 ||   684
 Cast: Necrotise         |    53 |   142 |    92 |    32 |     6 |       ||   325
       Olgreb's Toxic Ra |       |       |    27 |    70 |    66 |       ||   163
       Animate Dead      |       |       |     2 |     6 |     8 |       ||    16
       Borgnjor's Vile C |       |       |       |    62 |    88 |     1 ||   151
       Simulacrum        |       |       |       |       |    35 |     1 ||    36
       Ozocubu's Refrige |       |       |       |       |    11 |     4 ||    15
Evoke: Wand              |       |     3 |     5 |     3 |    16 |       ||    27
  Use: Scroll            |       |       |     9 |     8 |     4 |     4 ||    25
       Potion            |       |       |     4 |     5 |     3 |     5 ||    17
 Stab: Sleeping          |       |       |     1 |     2 |     1 |       ||     4
       Distracted        |       |       |       |       |     2 |       ||     2
Armor: Robe              |    13 |    13 |    43 |    91 |   180 |    17 ||   357
       Skin              |       |       |     2 |       |       |       ||     2
Dodge: Dodged            |    40 |    19 |    76 |   133 |   380 |    44 ||   692

Levels and vault maps discovered:
D:1:      dpeg_arrival_arbitrary_a, layout_basic
D:2:      layout_basic, basic_altar, nicolae_ecumenical_snake_handling,
          uniq_jessica, uniq_sigmund
D:3:      layout_basic, serial_shops, nicolae_shop_advertising_works
          [nicolae_subvault_shop_adworks], shop, nicolae_shop_waterfront, shop,
          nicolae_square_shop
D:4:      layout_basic, minmay_temple_entry_tees, gup_sewer_entry_pipe,
          uniq_duvessa
D:5:      layout_basic, ebering_dispersal_statue_hall, uniq_menkaure, uniq_ijyb
D:6:      layout_cave_pools, corexii_hall_statues_i
D:7:      layout_loops_ring, enter_bailey_5,
          hangedman_abyss_or_decor_jellyfish_corner
D:8:      layout_basic, serial_shops, nicolae_shop_crystal,
          nicolae_shop_overgrown_old_shop, shop, shop, uniq_joseph,
          uniq_gastronok
D:9:      layout_irregular_city, david_orc_4, kennysheep_generic_room_10
D:10:     layout_loops_ring, nicolae_overflow_hidden_temple
D:11:     layout_basic, lair_entry_dummy, serial_curves, eino_curves_04,
          eino_curves_02, uniq_nergalle, uniq_snorg, uniq_psyche
D:12:     layout_roguey, serial_shops, nicolae_shop_hallway_stairs
D:13:     layout_basic
D:14:     layout_loops_ring, david_vaults_4, kennysheep_big_empty_room,
          uniq_rupert
D:15:     grunt_enter_depths_snipers, layout_long_grid, nicolae_ru_awakened_eye
Temple:   hellmonk_temple_divided_pantheon
Lair:1:   layout_concentric_octagons, maelrawn_ghost_gauntlet_escape,
          beast_lair_carwin_2, lemuel_fruit_tree, uniq_erica
Lair:2:   layout_roguey, elwin_shoals_entry_rocks, special_room
          [special_room_bee], minivault_25
Lair:3:   layout_loops_ring, guppyfry_snake_entry_garden, st_stairs_12,
          chequers_serial_rivers_large_b, eino_house_with_fridge,
          infiniplex_staircase_pool
Lair:4:   layout_gridlike
Lair:5:   due_jungle_book, layout_long_grid, slime_entry_1, disabler_island,
          infiniplex_staircase_pool_2
Snake:1:  layout_onion, grunt_megastairs_4
Snake:2:  layout_onion, minmay_shoptagon
Snake:3:  layout_gridlike, serial_bayou, serial_bayou_pond_b,
          serial_bayou_lake_a, serial_bayou_pond_b, serial_bayou_shore_a,
          serial_bayou_shore_b
Orc:1:    layout_caves, serial_shops, shop, guppyfry_orc_lava_fort, uniq_harold
Orc:2:    grunt_orc_cross, layout_diamond_mine, basic_altar

Notes
Turn   | Place    | Note
-------+----------+-------------------------------------------
     0 | D:1      | Jackthecabe the Demonspawn Necromancer began the quest for
                  | the Orb.
     0 | D:1      | Reached XP level 1. HP: 13/13 MP: 3/3
   126 | D:1      | HP: 1/13 [hobgoblin (3)]
   140 | D:1      | HP: 1/13 [hobgoblin (2)]
   217 | D:1      | Gained mutation: You are partially covered in sharp spines.
                  | [demonic ancestry]
   217 | D:1      | Reached XP level 2. HP: 18/19 MP: 0/5
   300 | D:1      | Reached skill level 5 in Necromancy
   827 | D:1      | Gained mutation: You are partially covered in icy blue
                  | scales. (AC +2) [demonic ancestry]
   827 | D:1      | Reached XP level 3. HP: 24/24 MP: 3/6
  1406 | D:2      | Learned a level 3 spell: Vampiric Draining
  1436 | D:2      | Noticed Jessica
  1439 | D:2      | Killed Jessica
  1440 | D:2      | Reached skill level 6 in Necromancy
  1440 | D:2      | Reached XP level 4. HP: 30/30 MP: 3/7
  1564 | D:2      | Found a faded altar of an unknown god.
  1630 | D:2      | Identified a +1 robe of resistance
  1630 | D:2      | Noticed Sigmund
  1672 | D:2      | Found a shimmering altar of Xom.
  2120 | D:2      | Reached skill level 1 in Evocations
  2394 | D:3      | Found Kypo's Armour Emporium.
  2569 | D:3      | Gained mutation: You have large cloven feet. [demonic
                  | ancestry]
  2569 | D:3      | Reached XP level 5. HP: 35/35 MP: 5/8
  2604 | D:3      | Found Ciopol's Antique Armour Emporium.
  2614 | D:3      | Found Ylleir's Antique Weapon Boutique.
  2871 | D:3      | Found Poxtuop's Magic Scroll Boutique.
  2953 | D:3      | Found Upryeria's Armour Boutique.
  3006 | D:3      | Reached skill level 2 in Evocations
  3337 | D:4      | Found a glowing drain.
  3346 | D:4      | Reached skill level 7 in Necromancy
  3355 | Sewer    | Entered a sewer
  3533 | Sewer    | Noticed Pargi
  3613 | Sewer    | Learned a level 4 spell: Olgreb's Toxic Radiance
  3988 | D:4      | Found a staircase to the Ecumenical Temple.
  3993 | D:4      | Reached skill level 1 in Poison Magic
  3995 | D:4      | Gained mutation: You are mostly covered in sharp spines.
                  | [demonic ancestry]
  3995 | D:4      | Reached XP level 6. HP: 41/41 MP: 4/9
  4056 | D:4      | Noticed Dowan
  4062 | Temple   | Entered the Ecumenical Temple
  4062 | Temple   | Found a transporter.
  4062 | Temple   | Found a transporter.
  4083 | Temple   | Found a transporter.
  4083 | Temple   | Found a transporter.
  4130 | Temple   | Became a worshipper of Kikubaaqudgha
  4194 | D:5      | Entered Level 5 of the Dungeon
  4280 | D:5      | Reached skill level 2 in Poison Magic
  4280 | D:5      | Reached skill level 3 in Evocations
  4373 | D:5      | Noticed Ijyb
  4377 | D:5      | Killed Ijyb
  4479 | D:5      | Noticed Menkaure
  4483 | D:5      | Killed Menkaure
  4484 | D:5      | Reached skill level 3 in Poison Magic
  4491 | D:5      | Reached skill level 4 in Poison Magic
  4491 | D:5      | Gained mutation: You are mostly covered in icy blue scales.
                  | (AC +3) [demonic ancestry]
  4491 | D:5      | Reached XP level 7. HP: 41/46 MP: 4/10
  5320 | D:6      | Reached skill level 5 in Poison Magic
  5523 | D:6      | Reached skill level 6 in Poison Magic
  6026 | D:6      | Noticed a steam dragon
  6031 | D:6      | Reached skill level 7 in Poison Magic
  6031 | D:6      | Gained mutation: You have hoof-like feet. [demonic
                  | ancestry]
  6031 | D:6      | Reached XP level 8. HP: 47/52 MP: 11/11
  6256 | D:7      | Reached skill level 8 in Poison Magic
  6382 | D:7      | Reached * piety under Kikubaaqudgha
  6382 | D:7      | Received a gift from Kikubaaqudgha
  6383 | D:7      | Reached skill level 3 in Spellcasting
  6581 | D:7      | Reached skill level 4 in Spellcasting
  6676 | D:7      | Found a flagged portal.
  6687 | D:7      | Reached skill level 8 in Necromancy
  6696 | D:7      | Learned a level 4 spell: Animate Dead
  6697 | Bailey   | Entered a bailey
  6938 | Bailey   | Reached skill level 9 in Necromancy
  6938 | Bailey   | Gained mutation: You are robust. (+10% HP) [demonic
                  | ancestry]
  6938 | Bailey   | Reached XP level 9. HP: 45/62 MP: 3/15
  6944 | Bailey   | Reached ** piety under Kikubaaqudgha
  7058 | Bailey   | Noticed an orc warlord
  7060 | Bailey   | Noticed an orc knight
  7184 | D:7      | Reached skill level 10 in Necromancy
  7403 | D:7      | Reached skill level 1 in Fighting
  7715 | D:8      | Reached skill level 2 in Fighting
  7864 | D:8      | Reached skill level 3 in Fighting
  8027 | D:8      | Found Ekket's Antique Armour Boutique.
  8035 | D:8      | Noticed Joseph
  8058 | D:8      | Reached skill level 4 in Fighting
  8059 | D:8      | Killed Joseph
  8060 | D:8      | Reached skill level 5 in Spellcasting
  8507 | D:8      | Found Sonkipuxt's Jewellery Shop.
  8522 | D:8      | Reached skill level 11 in Necromancy
  8545 | D:8      | Found Kemas's Assorted Antiques.
  8553 | D:8      | Bought a scroll of identify for 56 gold pieces
  8564 | D:8      | Found Bedun's Magic Scroll Boutique.
  8568 | D:8      | Bought a scroll of identify for 26 gold pieces
  8568 | D:8      | Bought a scroll of identify for 26 gold pieces
  8568 | D:8      | Bought a scroll of poison for 52 gold pieces
  8568 | D:8      | Bought a scroll of identify for 26 gold pieces
  8568 | D:8      | Bought a scroll of teleportation for 39 gold pieces
  8608 | D:8      | Noticed Gastronok
  8654 | D:8      | HP: 5/106 [Gastronok/the air (30)]
  8658 | D:8      | Killed Gastronok
  8658 | D:8      | Reached *** piety under Kikubaaqudgha
  8658 | D:8      | Received a gift from Kikubaaqudgha
  8659 | D:8      | Reached skill level 4 in Armour
  8659 | D:8      | Gained mutation: You are completely covered in sharp
                  | spines. [demonic ancestry]
  8659 | D:8      | Reached XP level 10. HP: 8/78 MP: 4/17
  9094 | D:9      | Noticed a two-headed ogre
  9108 | D:8      | Learned a level 5 spell: Borgnjor's Vile Clutch
  9635 | D:9      | Noticed a two-headed ogre
  9645 | D:9      | Reached skill level 1 in Earth Magic
  9654 | D:9      | Reached skill level 5 in Armour
  9654 | D:9      | Killed a two-headed ogre
  9655 | D:9      | Reached skill level 2 in Earth Magic
  9663 | D:9      | Reached skill level 3 in Earth Magic
  9682 | D:9      | Reached skill level 6 in Spellcasting
 10317 | D:9      | Found a staircase to the Orcish Mines.
 10459 | D:10     | Entered Level 10 of the Dungeon
 10687 | D:10     | Reached skill level 4 in Earth Magic
 11163 | D:10     | Found a broken altar of Ashenzari.
 11330 | D:10     | Found a sacrificial altar of Ru.
 11596 | D:11     | Identified the +0 chain mail of the Black Skies {rElec}
 11615 | D:11     | Noticed a two-headed ogre
 11623 | D:11     | Killed a two-headed ogre
 11624 | D:11     | Reached skill level 7 in Spellcasting
 11624 | D:11     | Reached XP level 11. HP: 84/84 MP: 12/21
 11727 | D:11     | Noticed a green ugly thing
 11808 | D:11     | Reached skill level 5 in Earth Magic
 11811 | D:11     | Reached skill level 1 in Ice Magic
 11818 | D:11     | Learned a level 6 spell: Simulacrum
 11875 | D:11     | Found the +2 ratskin cloak {*Rats rPois rN+ Str-1 Int-1
                  | Dex+1}
 11913 | D:11     | Noticed Psyche
 11916 | D:11     | Paralysed by Psyche for 5 turns
 11922 | D:11     | Killed Psyche
 11923 | D:11     | Reached skill level 2 in Ice Magic
 12067 | D:11     | Identified the +1 ring mail of Zetiguemy {-Tele rF+ rN+
                  | SInv}
 12350 | D:11     | Noticed a cyan ugly thing
 12366 | D:11     | Killed a cyan ugly thing
 12367 | D:11     | Reached skill level 3 in Ice Magic
 12398 | D:11     | Killed a green ugly thing
 12559 | D:11     | Reached skill level 4 in Ice Magic
 12877 | D:11     | Found a staircase to the Lair.
 12878 | D:11     | Noticed a two-headed ogre
 12889 | D:11     | Killed a two-headed ogre
 12890 | D:11     | Reached skill level 5 in Ice Magic
 13014 | D:11     | Noticed Nergalle
 13020 | D:11     | Killed Nergalle
 13121 | D:11     | Noticed Snorg
 13121 | D:11     | Noticed a two-headed ogre
 13126 | D:11     | Killed a two-headed ogre
 13127 | D:11     | Reached skill level 6 in Ice Magic
 13127 | D:11     | Reached skill level 2 in Dodging
 13413 | D:11     | Noticed a two-headed ogre
 13419 | D:11     | Killed a two-headed ogre
 13420 | D:11     | Reached skill level 3 in Dodging
 13628 | D:11     | Killed Snorg
 13629 | D:11     | Reached skill level 4 in Dodging
 13964 | D:4      | Killed Dowan
 14008 | D:4      | Noticed Duvessa
 14013 | D:4      | Killed Duvessa
 14014 | D:4      | Reached skill level 5 in Dodging
 14179 | D:3      | Bought a warped robe for 165 gold pieces
 14179 | D:3      | Identified the +2 robe of Fortification {rF+ Str+2} (You
                  | bought it in a shop on level 3 of the Dungeon)
 14320 | D:8      | Bought a masterwork helmet for 266 gold pieces
 14320 | D:8      | Identified the +1 helmet of the Shining Light {Harm rPois
                  | Will- Dex+4} (You bought it in a shop on level 8 of the
                  | Dungeon)
 14418 | Lair:1   | Entered Level 1 of the Lair of Beasts
 14438 | Lair:1   | Reached **** piety under Kikubaaqudgha
 14580 | Lair:1   | Reached skill level 8 in Spellcasting
 14846 | Lair:1   | Noticed a minotaur
 14846 | Lair:1   | Noticed iguanaiguana's ghost (journeyman SpHs)
 14874 | Lair:1   | Reached XP level 12. HP: 91/91 MP: 3/24
 14876 | Lair:1   | Reached skill level 7 in Ice Magic
 15307 | Lair:1   | Noticed Erica
 15313 | Lair:1   | Killed Erica
 15314 | Lair:1   | Reached skill level 8 in Ice Magic
 15735 | Lair:1   | Found a runed translucent gate.
 15735 | Lair:1   | Found a runed translucent gate.
 15735 | Lair:1   | Found a runed translucent gate.
 15946 | Lair:1   | Reached skill level 12 in Necromancy
 16422 | Lair:2   | Found a staircase to the Shoals.
 16613 | Lair:1   | Reached skill level 9 in Ice Magic
 16959 | Lair:2   | Reached ***** piety under Kikubaaqudgha
 16971 | Lair:2   | Reached skill level 10 in Ice Magic
 17495 | Lair:2   | Identified 2 potions of resistance
 17829 | Lair:3   | Reached skill level 13 in Necromancy
 18009 | Lair:3   | Gained mutation: You have hooves in place of feet. [demonic
                  | ancestry]
 18009 | Lair:3   | Reached XP level 13. HP: 99/99 MP: 25/25
 18158 | Lair:3   | Reached skill level 5 in Fighting
 18673 | Lair:3   | Found a staircase to the Snake Pit.
 18935 | Lair:4   | Reached skill level 6 in Fighting
 19442 | Lair:4   | Reached skill level 7 in Fighting
 19845 | Lair:4   | Reached skill level 8 in Fighting
 20300 | Lair:5   | Entered Level 5 of the Lair of Beasts
 20317 | Lair:5   | Reached ****** piety under Kikubaaqudgha
 20322 | Lair:5   | Reached skill level 14 in Necromancy
 20346 | Lair:5   | Reached skill level 9 in Spellcasting
 20350 | Lair:5   | Found a staircase to the Slime Pits.
 20546 | Lair:5   | Identified the +1 ring mail of Woiv {Dex+2}
 20611 | Lair:5   | Reached skill level 6 in Earth Magic
 20650 | Lair:5   | Found a viscous altar of Jiyva.
 21020 | Lair:5   | Reached skill level 11 in Ice Magic
 21020 | Lair:5   | Gained mutation: You are very robust. (+20% HP) [demonic
                  | ancestry]
 21020 | Lair:5   | Reached XP level 14. HP: 105/126 MP: 17/27
 21453 | Lair:5   | Reached skill level 12 in Ice Magic
 21644 | Lair:5   | Identified the ring of the Monkey's Uncle {Ice rPois Int+3
                  | Dex-4}
 21983 | Lair:5   | Reached skill level 6 in Armour
 22303 | Lair:5   | Reached skill level 7 in Armour
 22822 | Lair:5   | Reached skill level 8 in Armour
 23090 | Lair:5   | Identified a scroll of acquirement
 23091 | Lair:5   | Acquired the +2 pair of gloves of the Amoeba {Drain rF+
                  | rC++ rCorr}
 23351 | Orc:1    | Entered Level 1 of the Orcish Mines
 23351 | Orc:1    | Noticed an orc warlord
 23368 | Orc:1    | Killed an orc warlord
 23556 | Orc:2    | Entered Level 2 of the Orcish Mines
 23580 | Orc:2    | Reached skill level 6 in Dodging
 23755 | Orc:2    | Noticed an orc warlord
 23773 | Orc:2    | Killed an orc warlord
 23810 | Orc:1    | Paralysed by an orc sorcerer for 5 turns
 23820 | Orc:2    | Reached skill level 7 in Dodging
 24332 | Orc:2    | Noticed Saint Roka
 24388 | Orc:2    | HP: 10/126 [Saint Roka/divine providence (12)]
 24390 | Orc:1    | HP: 4/126 [orc knight/+1 battleaxe (23)]
 24393 | Orc:1    | Reached skill level 8 in Dodging
 24893 | D:12     | Found Xyluifum's Weapon Boutique.
 25700 | D:12     | Reached skill level 1 in Staves
 26095 | D:13     | Reached skill level 2 in Staves
 26321 | D:13     | Reached XP level 15. HP: 134/134 MP: 13/28
 27423 | D:14     | Reached skill level 3 in Staves
 27608 | D:14     | Reached skill level 9 in Fighting
 27920 | D:14     | Noticed Rupert
 28061 | D:14     | Found a gate to the Vaults.
 28779 | D:15     | Entered Level 15 of the Dungeon
 28802 | D:15     | Found a sacrificial altar of Ru.
 28825 | D:15     | Reached skill level 4 in Staves
 29504 | Orc:1    | Reached skill level 5 in Staves
 29526 | Orc:1    | Reached skill level 10 in Fighting
 29712 | Orc:1    | Found Reoriohy's Assorted Antiques.
 29734 | Orc:1    | Noticed Harold
 29814 | Orc:1    | Found Pide's Assorted Antiques.
 29820 | Orc:1    | Found Noesua's Weapon Boutique.
 30021 | Orc:2    | Found Xurep's Antique Armour Shop.
 30143 | D:8      | Bought a spiked helmet for 199 gold pieces
 30143 | D:8      | Identified the +1 helmet of Responsibility {rC- Will++
                  | Str-4 Dex+10} (You bought it in a shop on level 8 of the
                  | Dungeon)
 30178 | D:8      | Bought the ring "Qihoneol" {Wiz rF+ Int+2} for 771 gold
                  | pieces
 30378 | D:15     | Identified the +4 spear "Undertaker" {distort, rF+ rN+
                  | MP+9}
 30431 | D:15     | Reached skill level 6 in Staves
 30474 | D:15     | Noticed a frost giant
 30866 | D:15     | Identified the +4 hand axe "Susturr" {holy, rElec rF+
                  | Str+4}
 30875 | D:15     | Reached skill level 7 in Staves
 31071 | D:15     | Killed a frost giant
 31352 | D:15     | Found a staircase to the Depths.
 31532 | Snake:1  | Entered Level 1 of the Snake Pit
 31951 | Snake:1  | Reached skill level 8 in Staves
 31991 | Snake:1  | Learned a level 7 spell: Ozocubu's Refrigeration
 32942 | Snake:1  | Reached skill level 9 in Staves
 33180 | Snake:1  | Identified the +5 ring mail of the Heavens {-Tele Fly rN++
                  | Str-3}
 33624 | Snake:2  | Found Rinkyrr's Armour Shoppe.
 33624 | Snake:2  | Found Huizecipt's Antique Weapon Emporium.
 33734 | Snake:2  | Got the Cyclopedia of Vexing Metamorphosis
 33821 | Snake:2  | Reached XP level 16. HP: 146/146 MP: 14/29
 34173 | Snake:2  | You fall into a shaft and drop 1 floor!
 34212 | Snake:3  | HP: 11/146 [sea snake (14)]
 34213 | Snake:3  | HP: 5/146 [sea snake (6)]
 34217 | Snake:3  | Mangled by a sea snake

Vanquished Creatures
  Gastronok (D:8)
  A frost giant (D:15)
  2 orc warlords
  4 dire elephants (Lair:5)
  Snorg (D:11)
  A hydra (Lair:5)
  A rakshasa (D:13)
  2 ogre magi (Orc:1)
  4 anacondas
  4 centaur warriors
  A vault guard (D:14)
  Erica (Lair:1)
  A catoblepas (Lair:5)
  8 two-headed ogres
  3 boulder beetles (D:15)
  3 tengu warriors
  6 naga warriors
  2 orc high priests
  3 death yaks (Lair:5)
  2 shock serpents
  Nergalle (D:11)
  A naga sharpshooter (Snake:2)
  3 naga ritualists
  A deep elf pyromancer (D:13)
  6 mana vipers
  5 orc knights
  2 cyclopes
  5 ugly things
  5 orc sorcerers
  4 necromancers
  10 elephants
  A salamander (Snake:3)
  A manticore (D:12)
  Joseph (D:8)
  20 black mambas
  A gargoyle (D:13)
  A cane toad (shapeshifter) (D:14)
  12 cane toads
  A torpor snail (Lair:1)
  5 komodo dragons
  An efreet (D:15)
  Psyche (D:11)
  2 rime drakes
  A queen bee (Lair:2)
  A polar bear (Lair:2)
  8 trolls
  8 blink frogs
  A raiju (shapeshifter) (D:14)
  11 slime creatures
  A culicivora (shapeshifter) (D:14)
  3 water elementals (D:11)
  3 shadows
  A wraith (D:14)
  21 yaks
  5 wyverns
  3 basilisks
  6 wargs
  2 steam dragons
  13 vampire mosquitoes
  Menkaure (D:5)
  10 nagas
  Duvessa (D:4)
  14 water moccasins
  2 black bears
  37 orc warriors
  4 ogres
  21 wolves
  4 centaurs
  3 phantoms
  A kobold brigand (D:9)
  11 bullfrogs
  2 scorpions
  3 necrophages
  A cane toad simulacrum (Lair:5)
  A hornet simulacrum (D:15)
  Dowan (D:4)
  2 elephant simulacra (Lair:5)
  2 jellies
  25 killer bees
  9 howler monkeys
  7 electric eels
  2 lava snakes (Lair:5)
  2 hounds
  21 orc priests
  Jessica (D:2)
  2 iguanas (D:6)
  Ijyb (D:5)
  28 orc wizards
  10 hell rats (Lair:3)
  4 polar bear simulacra (Lair:3)
  5 yak simulacra (Lair:3)
  7 adders
  7 gnolls
  A shadow imp (D:7)
  A white imp (D:6)
  An ufetubus (D:6)
  A worm (D:5)
  2 dart slugs
  82 orcs
  6 endoplasms
  4 giant cockroaches (D:4)
  22 goblins
  13 hobgoblins
  2 jackals (D:1)
  8 quokkas
  8 ball pythons
  3 bats
  9 frilled lizards
  11 kobolds
  8 rats
  2 river rat simulacra (Lair:3)
665 creatures vanquished.

Vanquished Creatures (collateral kills)
  A dire elephant (Lair:5)
  3 hydras (Lair:5)
  5 death yaks (Lair:5)
  3 spectral death yaks (Lair:5)
  A spectral anaconda (Lair:5)
  A deep troll (D:14)
  An orc knight (Orc:1)
  An orc sorcerer (Orc:2)
  An ugly thing (D:15)
  5 elephants
  5 cane toads
  2 black mambas
  A dire elephant skeleton (Lair:5)
  2 komodo dragons (Lair:5)
  2 polar bears (Lair:5)
  A blink frog (Lair:4)
  A slime creature (D:12)
  A wyvern (Lair:5)
  27 yaks
  A warg (Orc:1)
  2 water moccasins
  4 orc warriors
  An ice beast (D:7)
  7 wolves
  An elephant skeleton (Lair:5)
  2 bullfrogs
  A cane toad simulacrum (Lair:5)
  A wight (D:9)
  A yak zombie (Lair:5)
  5 killer bees (Lair:2)
  An elephant simulacrum (Lair:5)
  A lava snake (Lair:5)
  4 orc priests
  A shadow imp (D:7)
  2 orcs
  A ball python (D:2)
  A bat (D:1)
  A quokka (D:4)
  2 rats (D:1)
  A bush (Lair:5)
105 creatures vanquished.

Vanquished Creatures (others)
  A wizard (D:14)
  2 death yak zombies (Lair:5)
  A hydra zombie (Lair:5)
  A vampire mosquito (D:15)
  A two-headed ogre zombie (D:9)
  A cane toad zombie (Lair:5)
  A blink frog zombie (Lair:4)
  4 elephant zombies (Lair:5)
  2 komodo dragon zombies (Lair:5)
  A water moccasin zombie (Lair:5)
  A warg zombie (Orc:2)
  11 yak zombies (Lair:5)
  11 wolf zombies
  2 orc wizards
  6 killer bee zombies (Lair:2)
  A kobold zombie (D:9)
  52 orc zombies
  60 fungi
  43 plants
  20 withered plants (Lair:5)
222 creatures vanquished.

Grand Total: 992 creatures vanquished

Table legend: (Time is in decaauts)
 A = Elapsed time spent in this place.
 B = Non-inter-level travel time spent in this place.
 C = Inter-level travel time spent in this place.
 D = Time resting spent in this place.
 E = Time spent auto-exploring this place.
 F = Levels seen in this place.
 G = Mean time per level.
                   A        B        C        D        E       F      G
               +--------+--------+--------+--------+--------+-----+--------+
         Total |  34458 |  31959 |   2499 |   3025 |  23571 |  28 | 1230.6 |
       Dungeon |  19681 |  17805 |   1876 |   1337 |  13439 |  15 | 1312.1 |
        Temple |     88 |     88 |      0 |      0 |     19 |   1 |   88.0 |
          Lair |   9187 |   8699 |    488 |    896 |   6652 |   5 | 1837.4 |
     Snake Pit |   2527 |   2491 |     36 |    140 |   1991 |   3 |  842.3 |
  Orcish Mines |   2262 |   2164 |     98 |    536 |   1085 |   2 | 1131.0 |
         Sewer |    302 |    302 |      0 |      0 |    248 |   1 |  302.0 |
        Bailey |    407 |    407 |      0 |    116 |    137 |   1 |  407.0 |
               +--------+--------+--------+--------+--------+-----+--------+

Top non-repeatable levels by time:
  Lair:5: 2932 daAuts
    D:11: 2853 daAuts
  Lair:1: 1928 daAuts
     D:8: 1748 daAuts
    D:14: 1660 daAuts
  Lair:4: 1602 daAuts
 Snake:1: 1586 daAuts
   Orc:1: 1553 daAuts
  Lair:3: 1548 daAuts
     D:9: 1538 daAuts
    D:13: 1302 daAuts
     D:5: 1259 daAuts
    D:15: 1222 daAuts
     D:2: 1182 daAuts
  Lair:2: 1176 daAuts

Table legend:
 A = Non-vault XP
 B = Vault XP
 C = Vault XP percentage of total XP
 D = Non-vault monster count
 E = Vault monster count
 F = Vault count percentage of total count
                 A         B        C        D         E       F
            +---------+---------+-------+---------+---------+-------
      Total |  109343 |   49502 |  31.2 |     551 |     221 |  28.6
            +---------+---------+-------+---------+---------+-------
        D:1 |      41 |       0 |   0.0 |      23 |       0 |   0.0
        D:2 |      58 |      45 |  43.7 |      22 |       6 |  21.4
        D:3 |     136 |       0 |   0.0 |      19 |       0 |   0.0
        D:4 |      89 |     230 |  72.1 |      20 |      10 |  33.3
        D:5 |     285 |     207 |  42.1 |       5 |       2 |  28.6
        D:6 |     849 |       0 |   0.0 |      17 |       0 |   0.0
        D:7 |     983 |       7 |   0.7 |      12 |       4 |  25.0
        D:8 |    1242 |    1936 |  60.9 |      29 |       2 |   6.5
        D:9 |    1593 |     853 |  34.9 |      13 |      17 |  56.7
       D:10 |    1097 |       0 |   0.0 |      10 |       0 |   0.0
       D:11 |    6192 |    2093 |  25.3 |      19 |       3 |  13.6
       D:12 |    2623 |       0 |   0.0 |       7 |       0 |   0.0
       D:13 |    5221 |       0 |   0.0 |      11 |       0 |   0.0
       D:14 |    5945 |    2010 |  25.3 |      21 |       4 |  16.0
       D:15 |    6316 |    2897 |  31.4 |      16 |       3 |  15.8
     Temple |       3 |       0 |   0.0 |       1 |       0 |   0.0
     Lair:1 |    8455 |    2435 |  22.4 |      45 |       5 |  10.0
     Lair:2 |    2917 |    1922 |  39.7 |      11 |      27 |  71.1
     Lair:3 |    4356 |    1375 |  24.0 |      30 |      15 |  33.3
     Lair:4 |    8857 |       0 |   0.0 |      31 |       0 |   0.0
     Lair:5 |   20324 |   15749 |  43.7 |      61 |      30 |  33.0
    Snake:1 |   10722 |    4328 |  28.8 |      20 |       9 |  31.0
    Snake:2 |    6698 |       0 |   0.0 |      11 |       0 |   0.0
    Snake:3 |    4749 |       0 |   0.0 |      10 |       0 |   0.0
      Orc:1 |    5199 |    6801 |  56.7 |      44 |      13 |  22.8
      Orc:2 |    4393 |    5725 |  56.6 |      43 |      33 |  43.4
      Sewer |       0 |       7 | 100.0 |       0 |       7 | 100.0
     Bailey |       0 |     882 | 100.0 |       0 |      31 | 100.0
            +---------+---------+-------+---------+---------+-------
